 Dungeon Crawl Stone Soup version 0.22.1-2-g9c5b331 (webtiles) character file.

26978 diana the Covert (level 13, -9/79 HPs)
             Began as a Kobold Enchanter on Dec 26, 2018.
             Was a High Priest of Okawaru.
             Splashed by an oklob plant's acid (12 damage)
             ... on level 2 of the Lair of Beasts.
             The game lasted 00:52:53 (19829 turns).

diana the Covert (Kobold Enchanter)                Turns: 19829, Time: 00:52:53

Health: -9/79      AC:  5    Str:  8    XL:     13   Next: 62%
Magic:  22/25      EV: 24    Int: 20    God:    Okawaru [*****.]
Gold:   885        SH:  0    Dex: 24    Spells: 3/28 levels left

rFire    . . .     SeeInvis .   P - +2 dagger (freeze)
rCold    + + .     Gourm    .   (shield restricted)
rNeg     + + +     Faith    .   b - +0 robe
rPois    +         Spirit   .   g - +0 helmet
rElec    .         Reflect  .   v - +0 cloak
rCorr    .         Harm     .   q - +3 pair of gloves of Noiczorph {*Corrode rN++ Regen+ Dex+2}
MR       .....     Rnd*Rage +   r - +0 pair of boots {Fly}
Stlth    +++++++...             n - amulet of the acrobat
HPRegen  0.63/turn              k - ring "Zappaano" {rPois rN++ Int+3}
MPRegen  0.19/turn              K - ring "Idatraci" {*Slow rPois rC+ Str+2 Dex+3}

@: corroded, flying
A: small, iridescent scales 1, rugged brown scales 1, thin skeletal structure 1,
berserk 1, carnivore, clumsy 1, cold resistance 1
a: Heroism, Finesse, Renounce Religion, Stop Flying


You were on level 2 of the Lair of Beasts.
You worshipped Okawaru.
Okawaru was extremely pleased with you.
You were full.

You visited 3 branches of the dungeon, and saw 15 of its levels.

You collected 965 gold pieces.
You spent 80 gold pieces at shops.

Inventory:

Hand Weapons
 N - a +2 rapier of protection
 P - a +2 dagger of freezing (weapon)
Missiles
 o - 76 poisoned needles
 z - 5 throwing nets (quivered)
Armour
 b - a +0 robe (worn)
 g - a +0 helmet (worn)
 q - the +3 pair of gloves of Noiczorph (worn) {*Corrode rN++ Regen+ Dex+2}
   (You found it on level 8 of the Dungeon)

   It affects your dexterity (+2).
   It greatly protects you from negative energy.
   It increases your rate of regeneration.
   It may corrode you when you take damage.
 r - a +0 pair of boots of flying (worn)
 t - the +0 hat of the Trout {+Inv Regen+ rCorr Int-2}
   (You found it on level 2 of the Lair of Beasts)

   It affects your intelligence (-2).
   It lets you turn invisible.
   It increases your rate of regeneration.
   It provides partial protection from all sources of acid and corrosion.
 v - a +0 cloak (worn)
Jewellery
 c - a +2 ring of slaying
 k - the ring "Zappaano" (left hand) {rPois rN++ Int+3}
   (You found it on level 5 of the Dungeon)

   [ring of poison resistance]

   It affects your intelligence (+3).
   It protects you from poison.
   It greatly protects you from negative energy.
 l - an uncursed amulet of guardian spirit {unknown}
 n - an amulet of the acrobat (around neck)
 H - an uncursed ring of wizardry
 J - the ring "Vacumoeq" {rElec rN++ MR+ MP+9}
   (You found it on level 10 of the Dungeon)

   [ring of protection from magic]

   It insulates you from electricity.
   It greatly protects you from negative energy.
   It affects your resistance to hostile enchantments.
   It affects your magic capacity (+9).
 K - the ring "Idatraci" (right hand) {*Slow rPois rC+ Str+2 Dex+3}
   (You found it on level 10 of the Dungeon)

   [ring of protection from cold]

   It affects your strength (+2).
   It affects your dexterity (+3).
   It protects you from cold.
   It protects you from poison.
   It may slow you when you take damage.
 U - a +3 ring of dexterity
Wands
 h - a wand of iceblast (33)
 L - a wand of enslavement (8)
Scrolls
 a - a scroll of vulnerability {unknown}
 e - 6 scrolls of remove curse
 j - 6 scrolls of magic mapping
 m - 3 scrolls of blinking
 p - a scroll of random uselessness {unknown}
 s - 4 scrolls of fear
 x - a scroll of fog {unknown}
 y - 3 scrolls of enchant weapon
 C - 5 scrolls of teleportation
 E - 2 scrolls of immolation {unknown}
 O - a scroll of brand weapon {unknown}
 R - a scroll of enchant armour {unknown}
Potions
 f - 2 potions of might
 i - 3 potions of flight
 u - a potion of brilliance {unknown}
 A - a potion of cancellation {unknown}
 B - a potion of berserk rage {unknown}
 G - a potion of heal wounds
 I - 4 potions of curing
 W - a potion of mutation
Miscellaneous
 w - a phial of floods
Comestibles
 d - 28 rations


   Skills:
 + Level 7.6 Fighting
 + Level 9.8 Short Blades
 + Level 4.9 Armour
 + Level 9.5 Dodging
 * Level 14.9 Stealth
 + Level 8.0 Spellcasting
 - Level 8.1 Conjurations
 - Level 6.1 Hexes
 - Level 5.4 Ice Magic
 + Level 0.3 Air Magic
 + Level 0.3 Poison Magic


You had 3 spell levels left.
You knew the following spells:

 Your Spells              Type           Power        Failure   Level  Hunger
a - Corona                Hex            ####...      1%          1    None
b - Ensorcelled Hibernat  Hex/Ice        ####..       1%          2    None
c - Confuse               Hex            ####....     1%          3    None
d - Tukima's Dance        Hex            ####....     1%          3    None
e - Dazzling Spray        Conj/Hex       #####.       1%          3    None
f - Apportation           Tloc           #.....       9%          1    None
g - Mephitic Cloud        Conj/Pois/Air  ###.....     8%          3    None
h - Conjure Flame         Conj/Fire      ###.....     4%          3    None
i - Slow                  Hex            ####....     1%          2    None
j - Passwall              Tmut/Erth      #.......     13%         2    None
k - Blink                 Tloc           N/A          13%         2    None

Your spell library contained the following spells:

 Spells                   Type           Power        Failure   Level  Hunger
 Confusing Touch          Hex            ####..       1%          1    None
 Freeze                   Ice            ####         1%          1    None
 Magic Dart               Conj           ####         1%          1    None
 Animate Skeleton         Necr           N/A          9%          1    None
 Sandblast                Erth           #.....       9%          1    None
 Summon Small Mammal      Summ           #...         9%          1    None
 Call Imp                 Summ           #.......     13%         2    None
 Freezing Cloud           Conj/Ice/Air   ####......   89%         6    ######.
 Alistair's Intoxication  Tmut/Pois      #.......     91%         5    #####..
 Borgnjor's Vile Clutch   Necr/Erth      #.........   93%         5    #####..
 Iron Shot                Conj/Erth      ###.......   94%         6    ######.
 Malign Gateway           Summ/Tloc      #.........   100%        7    #######
 Monstrous Menagerie      Summ           #.........   100%        7    #######
 Summon Greater Demon     Summ           #.........   100%        7    #######
 Ignition                 Fire           #.........   100%        8    #######
 Summon Horrible Things   Summ           #.........   100%        8    #######


Dungeon Overview and Level Annotations

Branches:
Dungeon (12/15)            Temple (1/1) D:5            Lair (2/6) D:9
    Orc (0/2) D:12
  Swamp: Lair:2-4    Shoals: Lair:2-4     Snake: Lair:2-4    Spider: Lair:2-4

Altars:
Ashenzari
Cheibriados
Dithmenos
Elyvilon
Fedhas
Gozag
Hepliaklqana
Kikubaaqudgha
Makhleb
Nemelex Xobeh
Okawaru
Qazlal
Ru
Sif Muna
Trog
Uskayaw
Vehumet
Wu Jian
Xom
Yredelemnul
Zin
The Shining One

Shops:
D:4 !   D:6 :   D:10 }

Annotations:
D:9 NikiYani's ghost, journeyman GnTm
D:12 3 runed doors, exclusion: orange crystal statue
Lair:2 exclusion: 4 oklob plants


Innate Abilities, Weirdness & Mutations

You are small and have problems with some larger weapons.
You are carnivorous and can eat meat at any time.
You are partially covered in iridescent scales. (AC +2)
You are partially covered in rugged brown scales. (AC +1, +3% HP)
You have a somewhat thin skeletal structure. (Dex +2, Stealth)
You tend to lose your temper in combat.
You are clumsy. (Dex -2)
Your flesh is cold resistant. (rC+)


Message History

The splash of acid hits you! The acid corrodes you!
You are splashed with acid!
The acid burns!
Unknown command.
Casting: Passwall (safe; 13% risk of failure)
Confirm with . or Enter, or press ? or * to list all spells.
Aiming: Passwall (safe; 13% risk of failure)
Press: ? - help, Dir - move target cursor A rock wall.
The oklob plant spits acid at you. The splash of acid hits you!
The acid corrodes you!
You are splashed with acid!
The acid burns!
The oklob plant spits acid at you. The splash of acid hits you!
You are splashed with acid!
The acid burns!
* * * LOW HITPOINT WARNING * * *
You begin to meditate on the wall.
You continue meditating on the rock. x2
The oklob plant spits acid at you. The splash of acid hits you!
* * * LOW HITPOINT WARNING * * *
You are splashed with acid!
The acid burns!
You die...

...............÷÷...#
....................#
.####.#.#.#######...#
.# ###.#.####.#######
.###.#######..P.(..P#
.#...#.###....P[..P.#
..................}.#
........÷....[P....$#
..............PP@P..#
#.##.#.....##.#######
######.....#####....#
######...####P.#....#
....................#
....................#
....................#
P...(...............#
#...................#


You could see 4 oklob plants.

Vanquished Creatures
  Harold (D:9)
  A centaur warrior (D:11)
  3 two-headed ogres
  A hydra (Lair:1)
  A tengu warrior (D:10)
  A skeletal warrior (D:10)
  A swamp dragon (D:10)
  Pikel (D:5)
  3 manticores
  An elephant (D:9)
  A gargoyle (D:12)
  4 spiny frogs
  A kobold demonologist (D:8)
  A rime drake (Lair:2)
  A komodo dragon (Lair:2)
  5 trolls
  2 hornets
  5 hippogriffs
  A shadow (D:12)
  4 spriggans (Lair:1)
  27 yaks
  A wraith (D:10)
  Grum (Lair:1)
  A basilisk (D:12)
  Menkaure (Temple)
  Edmund (D:5)
  An acid dragon (D:8)
  8 water moccasins
  7 porcupines
  5 orc warriors
  Duvessa (D:5)
  3 black bears
  2 sky beasts
  A slave (D:5)
  A hornet zombie (D:10)
  2 phantoms
  2 ice beasts
  4 ogres
  3 eyes of draining
  5 crocodiles
  4 wolves
  11 centaurs
  2 big kobolds (D:12)
  Blork the orc (D:4)
  9 bullfrogs
  A gnoll sergeant (D:7)
  Dowan (D:5)
  3 wyvern skeletons
  A water moccasin skeleton (D:7)
  6 scorpions
  4 killer bees
  6 wights
  6 electric eels (D:7)
  2 howler monkeys
  2 centaur zombies
  7 crimson imps
  A quasit (D:11)
  A bullfrog zombie (D:8)
  3 jellies
  6 orc priests
  4 hounds
  13 orc wizards
  A bullfrog skeleton (D:6)
  3 centaur skeletons
  2 iguanas
  11 worker ants
  A hound zombie (D:5)
  A hound skeleton (D:7)
  6 gnolls
  2 worker ant zombies
  7 adders
  3 howler monkey skeletons
  3 shadow imps
  2 oozes
  2 adder zombies
  An adder skeleton (D:10)
  A worm (D:2)
  3 dart slugs
  5 leopard geckos
  29 orcs
  8 bats
  8 giant cockroaches
  14 goblins
  9 hobgoblins
  3 jackals (D:7)
  4 quokkas
  A ball python (D:3)
  2 frilled lizards (D:2)
  A giant cockroach zombie (D:5)
  18 kobolds
  3 quokka skeletons
  12 rats
376 creatures vanquished.

Vanquished Creatures (others)
  A centaur (D:11)
  A wight (D:11)
  A fungus (Lair:1)
  6 plants
9 creatures vanquished.

Grand Total: 385 creatures vanquished

Notes
Turn   | Place    | Note
-------+----------+-------------------------------------------
     0 | D:1      | diana the Kobold Enchanter began the quest for the Orb.
     0 | D:1      | Reached XP level 1. HP: 10/10 MP: 3/3
    60 | D:1      | Reached XP level 2. HP: 15/15 MP: 5/5
   328 | D:1      | Learned a level 2 spell: Ensorcelled Hibernation
   645 | D:1      | Reached XP level 3. HP: 15/19 MP: 6/6
   707 | D:1      | Learned a level 3 spell: Confuse
  1246 | D:2      | Reached XP level 4. HP: 16/24 MP: 0/7
  1396 | D:2      | Reached skill level 5 in Stealth
  1731 | D:2      | Found a shattered altar of Ashenzari.
  2178 | D:3      | Reached XP level 5. HP: 21/28 MP: 9/9
  2446 | D:3      | Found a glowing silver altar of Zin.
  2959 | D:5      | Entered Level 5 of the Dungeon
  3192 | D:5      | Found a staircase to the Ecumenical Temple.
  3205 | D:5      | Noticed Menkaure
  3208 | Temple   | Entered the Ecumenical Temple
  3568 | Temple   | Killed Menkaure
  3568 | Temple   | Reached skill level 6 in Stealth
  3568 | Temple   | Reached XP level 6. HP: 4/32 MP: 2/10
  3573 | Temple   | Learned a level 3 spell: Tukima's Dance
  3964 | D:5      | Noticed Dowan
  3966 | D:5      | Noticed Duvessa
  4078 | D:5      | Killed Duvessa
  4078 | D:5      | Reached XP level 7. HP: 27/37 MP: 4/12
  4102 | D:5      | Killed Dowan
  4242 | D:5      | Reached skill level 1 in Fighting
  4242 | D:5      | Reached skill level 7 in Stealth
  4242 | D:5      | Reached skill level 1 in Ice Magic
  4257 | D:5      | Learned a level 3 spell: Dazzling Spray
  4459 | D:5      | Noticed Edmund
  4464 | D:5      | Killed Edmund
  4479 | D:5      | Noticed Pikel
  4506 | D:5      | Killed Pikel
  4506 | D:5      | Reached skill level 8 in Stealth
  4506 | D:5      | Reached XP level 8. HP: 45/45 MP: 6/14
  4555 | D:5      | Gained mutation: You are weak. (Str -2) [potion of
                  | mutation]
  4555 | D:5      | Gained mutation: You evolve. [potion of mutation]
  4556 | D:5      | Lost mutation: You are weak. (Str -2) [potion of mutation]
  4556 | D:5      | Lost mutation: You evolve. [potion of mutation]
  4556 | D:5      | Gained mutation: Your body sometimes deteriorates upon
                  | taking damage. [potion of mutation]
  4556 | D:5      | Gained mutation: You have large cloven feet. [potion of
                  | mutation]
  4842 | D:5      | Got a flickering jade ring
  4843 | D:5      | Identified the ring "Zappaano" {rPois rN++ Int+3} (You
                  | found it on level 5 of the Dungeon)
  5296 | D:4      | Found Wuill's Distillery.
  5304 | D:4      | Bought a potion of mutation for 80 gold pieces
  5304 | D:4      | Lost mutation: Your body sometimes deteriorates upon taking
                  | damage. [potion of mutation]
  5304 | D:4      | Lost mutation: You have large cloven feet. [potion of
                  | mutation]
  5304 | D:4      | Gained mutation: You are clumsy. (Dex -2) [potion of
                  | mutation]
  5304 | D:4      | Gained mutation: You have a somewhat thin skeletal
                  | structure. (Dex +2, Stealth) [potion of mutation]
  5304 | D:4      | Gained mutation: You evolve. [potion of mutation]
  5304 | D:4      | Gained mutation: You are partially covered in rugged brown
                  | scales. (AC +1, +3% HP) [potion of mutation]
  5353 | D:4      | Found a bloodstained altar of Trog.
  5353 | D:4      | Found an iron altar of Okawaru.
  5354 | D:4      | Found a shadowy altar of Dithmenos.
  5355 | D:4      | Found an ornate altar of the Wu Jian Council.
  5384 | D:4      | Became a worshipper of Warmaster Okawaru
  5682 | D:4      | Reached skill level 5 in Dodging
  5860 | D:4      | Noticed Blork the orc
  5917 | D:4      | Killed Blork the orc
  6103 | D:3      | Gained mutation: Your flesh is cold resistant. (rC+)
                  | [evolution]
  6481 | D:6      | Reached skill level 5 in Short Blades
  6583 | D:6      | Reached skill level 9 in Stealth
  6583 | D:6      | Reached XP level 9. HP: 51/51 MP: 12/15
  6599 | D:6      | Reached skill level 5 in Hexes
  6685 | D:6      | Found a shattered altar of Ashenzari.
  6963 | D:6      | Reached skill level 1 in Conjurations
  7046 | D:6      | Reached * piety under Okawaru
  7452 | D:6      | Gained mutation: You tend to lose your temper in combat.
                  | [evolution]
  7469 | D:6      | Found Dein's Book Shop.
  8490 | D:8      | Found a radiant altar of Vehumet.
  8504 | D:8      | Reached skill level 10 in Stealth
  9009 | D:8      | Reached ** piety under Okawaru
  9009 | D:8      | Reached skill level 5 in Spellcasting
  9011 | D:8      | Reached XP level 10. HP: 16/57 MP: 5/17
  9241 | D:8      | Noticed a manticore
  9244 | D:8      | Killed a manticore
  9244 | D:8      | Reached skill level 1 in Armour
  9249 | D:8      | Got a pair of translucent gloves
  9255 | D:8      | Identified the +3 pair of gloves of Noiczorph {*Corrode
                  | rN++ Regen+ Dex+2} (You found it on level 8 of the Dungeon)
  9339 | D:8      | Identified Sif Muna's Handbook of Icy Clay
  9631 | D:8      | Noticed a kobold demonologist
  9633 | D:8      | Killed a kobold demonologist
  9740 | D:8      | Reached *** piety under Okawaru
  9775 | D:8      | Reached skill level 11 in Stealth
  9988 | D:8      | Got a fine scale mail
  9999 | D:8      | Identified the +3 scale mail of Dezxe {rCorr} (You found it
                  | on level 8 of the Dungeon)
 10735 | D:7      | Gained mutation: You are partially covered in iridescent
                  | scales. (AC +2) [evolution]
 10735 | D:7      | Lost mutation: You evolve. [end of evolution]
 11157 | D:7      | Reached skill level 5 in Fighting
 11548 | D:9      | Noticed Harold
 11584 | D:9      | Reached XP level 11. HP: 64/64 MP: 15/19
 11588 | D:9      | Killed Harold
 11588 | D:9      | Reached **** piety under Okawaru
 11676 | D:9      | Found an opulent altar of Gozag.
 11710 | D:9      | Reached skill level 5 in Conjurations
 12163 | D:9      | Found a staircase to the Lair.
 12165 | D:9      | Noticed an elephant
 12235 | D:9      | Killed an elephant
 12235 | D:9      | Reached skill level 12 in Stealth
 12430 | D:9      | Reached ***** piety under Okawaru
 12430 | D:9      | Reached skill level 5 in Ice Magic
 12631 | D:10     | Entered Level 10 of the Dungeon
 12662 | D:10     | Noticed a two-headed ogre
 12678 | D:10     | Killed a two-headed ogre
 12973 | D:10     | Noticed a tengu warrior
 12976 | D:10     | Noticed a swamp dragon
 12979 | D:10     | Killed a swamp dragon
 13016 | D:10     | Killed a tengu warrior
 13029 | D:10     | Noticed a skeletal warrior
 13034 | D:10     | Killed a skeletal warrior
 13034 | D:10     | Reached XP level 12. HP: 72/72 MP: 21/21
 13037 | D:10     | Identified the Papyrus of Mutagenic Ignition
 13038 | D:10     | Found the +2 shield of Resistance {rF+ rC+ MR+}
 13038 | D:10     | Got a wavering bone ring
 13038 | D:10     | Got a translucent bronze ring
 13041 | D:10     | Identified the ring "Vacumoeq" {rElec rN++ MR+ MP+9} (You
                  | found it on level 10 of the Dungeon)
 13043 | D:10     | Identified the ring "Idatraci" {*Slow rPois rC+ Str+2
                  | Dex+3} (You found it on level 10 of the Dungeon)
 13170 | D:10     | Received a gift from Okawaru
 13179 | D:10     | Noticed a two-headed ogre
 13183 | D:10     | Killed a two-headed ogre
 13213 | D:10     | Reached skill level 13 in Stealth
 13427 | D:10     | Found Hajijad's Gadget Emporium.
 14041 | D:11     | Noticed a centaur warrior
 14078 | D:11     | Killed a centaur warrior
 14248 | D:11     | Found a radiant altar of Vehumet.
 14614 | D:11     | Noticed a two-headed ogre
 14616 | D:11     | Killed a two-headed ogre
 14746 | D:11     | Found a radiant altar of Vehumet.
 14748 | D:11     | Found a burning altar of Makhleb.
 14748 | D:11     | Found a shimmering altar of Xom.
 14751 | D:11     | Received a gift from Okawaru
 14752 | D:11     | Got a shimmering ring mail {god gift}
 14836 | D:11     | Found a sacrificial altar of Ru.
 14836 | D:11     | Found a basalt altar of Yredelemnul.
 14836 | D:11     | Found a basalt altar of Yredelemnul.
 14883 | D:11     | Identified the +3 ring mail of the Ladybird {rF- rC+ Int+2}
                  | (Okawaru gifted it to you on level 11 of the Dungeon)
 15238 | D:12     | Reached ****** piety under Okawaru
 15422 | D:12     | Reached XP level 13. HP: 71/78 MP: 2/23
 15467 | D:12     | Reached skill level 14 in Stealth
 15642 | D:12     | Found a staircase to the Orcish Mines.
 15649 | D:12     | Found a runed door.
 15778 | D:12     | Found a runed door.
 15791 | D:12     | Found a runed door.
 15802 | D:12     | Found a runed door.
 16226 | Lair:1   | Entered Level 1 of the Lair of Beasts
 16474 | Lair:1   | Found a runed door.
 16477 | Lair:1   | Noticed NikiYani's ghost (journeyman GnTm)
 16506 | Lair:1   | Noticed Grum
 16539 | Lair:1   | Killed Grum
 16760 | Lair:1   | Noticed a four-headed hydra
 16764 | Lair:1   | Killed a four-headed hydra
 16775 | Lair:1   | Learned a level 1 spell: Apportation
 16815 | Lair:1   | Learned a level 3 spell: Mephitic Cloud
 16819 | Lair:1   | Learned a level 3 spell: Conjure Flame
 16822 | Lair:1   | Learned a level 2 spell: Slow
 16825 | Lair:1   | Learned a level 2 spell: Passwall
 16828 | Lair:1   | Learned a level 2 spell: Blink
 17794 | Lair:1   | HP: 2/78 [spriggan rider/spear (17)]
 18362 | Lair:2   | Received a gift from Okawaru
 19226 | Lair:2   | Got a warped hat
 19237 | Lair:2   | Identified the +0 hat of the Trout {+Inv Regen+ rCorr
                  | Int-2} (You found it on level 2 of the Lair of Beasts)
 19829 | Lair:2   | HP: 3/79 [oklob plant/splash of acid (15)]
 19829 | Lair:2   | Splashed by an oklob plant's acid

Skill      XL: |  1  2  3  4  5  6  7  8  9 10 11 12 13 |
---------------+----------------------------------------+-----
Short Blades   | 2 3 4 5 6 7 8 9 |  9.8
Dodging        | 3 4 5 6 7 8 9 |  9.5
Stealth        | 5 6 8 9 10 11 12 13 14 | 14.9
Spellcasting   | 3 4 5 6 7 8 |  8.0
Hexes          | 4 5 6 |  6.1
Fighting       | 2 3 4 5 6 7 |  7.6
Ice Magic      | 2 3 4 5 |  5.4
Conjurations   | 2 4 6 7 8 |  8.1
Armour         | 2 3 4 |  4.9
Air Magic      | |  0.3
Poison Magic   | |  0.3

Action                   |  1- 3 |  4- 6 |  7- 9 | 10-12 | 13-15 || total
-------------------------+-------+-------+-------+-------+-------++-------
Melee: Dagger            |   107 |   132 |   359 |   641 |   250 ||  1489
       Kick              |       |       |     6 |       |       ||     6
       Punch             |       |       |       |       |     1 ||     1
 Cast: Ensorcelled Hiber |     2 |    21 |    40 |    30 |    22 ||   115
       Confuse           |       |     3 |     8 |    15 |    16 ||    42
       Dazzling Spray    |       |       |    19 |    77 |    40 ||   136
       Slow              |       |       |       |       |     4 ||     4
       Blink             |       |       |       |       |     3 ||     3
       Passwall          |       |       |       |       |     2 ||     2
Invok: Heroism           |       |       |     2 |     1 |     1 ||     4
  Use: Potion            |       |     2 |     8 |     1 |       ||    11
       Scroll            |       |       |    10 |     3 |     6 ||    19
 Stab: Sleeping          |    12 |    14 |    26 |    56 |    18 ||   126
       Distracted        |       |     1 |       |     1 |     3 ||     5
       Invisible         |       |       |     5 |    29 |    23 ||    57
       Confused          |       |       |     2 |     5 |     3 ||    10
  Eat: Chunk             |       |     7 |    20 |    27 |    12 ||    66
       Ration            |       |     2 |     2 |       |       ||     4
Armor: Robe              |    10 |    17 |    26 |   120 |    32 ||   205
       Skin              |       |       |    14 |       |       ||    14
Dodge: Dodged            |    63 |   132 |   254 |   615 |   290 ||  1354
